 Dungeon Crawl Stone Soup version 0.21.1-1-g345015fe64 (webtiles) character file.

37777 Oravi the Martial Artist (level 13, 0/110 (111) HPs)
             Began as a Merfolk Transmuter on Apr 13, 2018.
             Was a High Priest of Qazlal.
             Slain by an entropy weaver (4 damage)
             ... on level 3 of the Lair of Beasts.
             The game lasted 01:30:14 (18654 turns).

Oravi the Martial Artist (Merfolk Transmuter)      Turns: 18654, Time: 01:30:15

HP:   0/110 (111)   AC: -2    Str: 11    XL:     13   Next: 98%
MP:   16/16         EV: 24    Int: 17    God:    Qazlal [*****.]
Gold: 950           SH:  0    Dex: 14    Spells: 2/17 levels left

rFire    x . .     SeeInvis .     - Unarmed
rCold    + + +     Gourm    .   (shield currently unavailable)
rNeg     . . .     Faith    .   (armour currently unavailable)
rPois    +         Spirit   .   (helmet currently unavailable)
rElec    .         Reflect  +   (cloak currently unavailable)
rCorr    .         Harm     .   (gloves currently unavailable)
MR       .....                  (boots currently unavailable)
Stlth    +.........             k - +5 amulet of reflection
HPRegen  0.28/turn              E - +2 ring of protection
MPRegen  0.15/turn              n - +6 ring of evasion

@: confused, ice-form, corroded, repel missiles
A: large, (change form in water), (swift swim), (stealthy swim)
a: End Transformation, Upheaval, Elemental Force, Disaster Area, Renounce
Religion


You were on level 3 of the Lair of Beasts.
You worshipped Qazlal.
Qazlal was extremely pleased with you.
You were not hungry.
You were a creature of crystalline ice.
You visited 3 branches of the dungeon, and saw 16 of its levels.

You collected 1104 gold pieces.
You spent 154 gold pieces at shops.

Inventory:

Missiles
 a - 287 arrows
Armour
 b - a +0 robe
 g - a +1 helmet
 i - a +0 hat of magic resistance (melded)
 p - a +0 cloak (melded)
 t - the +0 robe "Lirexat" (melded) {MP+9 Str+4}
   (You found it on level 4 of the Lair of Beasts)

   It affects your strength (+4).
   It affects your magic capacity (+9).
 z - +0 ice dragon scales
 G - the +0 robe of Vanity {MR- rCorr Dex+7 Slay+2}
   (You found it on level 1 of the Lair of Beasts)

   It affects your dexterity (+7).
   It affects your accuracy and damage with ranged weapons and melee attacks
   (+2).
   It affects your resistance to hostile enchantments.
   It protects you from acid and corrosion.
 J - a +2 pair of boots of stealth (melded)
Jewellery
 k - a +5 amulet of reflection (around neck)
 n - a +6 ring of evasion (right front paw)
 x - an uncursed ring of fire
 C - an uncursed ring of fire
 E - a +2 ring of protection (left front paw)
 L - an uncursed ring of teleportation
Wands
 e - a wand of random effects (23)
 l - a wand of clouds (5)
 r - a wand of digging (14)
 w - a wand of flame (73)
Scrolls
 h - 7 scrolls of identify
 j - 6 scrolls of remove curse
 q - a scroll of magic mapping
 s - 8 scrolls of teleportation
 v - 2 scrolls of amnesia
 y - 2 scrolls of enchant weapon
 A - 2 scrolls of blinking
 B - a scroll of fog
 F - a scroll of enchant armour
Potions
 f - 6 potions of flight
 m - a potion of brilliance
 u - a potion of lignification
 D - 5 potions of curing
 I - a potion of mutation {unknown}
Books
 c - a book of Changes

   Spells                             Type                      Level
   a - Beastly Appendage              Transmutation                1
   b - Sticks to Snakes               Transmutation                2
   c - Spider Form                    Transmutation/Poison         3
   d - Ice Form                       Ice/Transmutation            4
   e - Blade Hands                    Transmutation                5
 H - a book of Geomancy

   Spells                             Type                      Level
   a - Sandblast                      Earth                        1
   b - Passwall                       Transmutation/Earth          2
   c - Stone Arrow                    Conjuration/Earth            3
   d - Petrify                        Transmutation/Earth          4
   e - Lee's Rapid Deconstruction     Earth                        5
Comestibles
 d - 21 rations
 K - a chunk of flesh


   Skills:
 * Level 6.0 Fighting
 * Level 14.1 Dodging
 + Level 14.8 Unarmed Combat
 + Level 2.5 Spellcasting
 * Level 13.2 Transmutations
 * Level 6.3 Ice Magic
 - Level 10.0 Poison Magic
 + Level 0.7 Evocations


You had 2 spell levels left.
You knew the following spells:

 Your Spells              Type           Power        Failure   Level  Hunger
a - Beastly Appendage     Tmut           #####.       1%          1    #......
b - Sticks to Snakes      Tmut           #####...     1%          2    ##.....
c - Spider Form           Tmut/Pois      #####.....   1%          3    ###....
d - Ice Form              Ice/Tmut       #####...     3%          4    #####..
e - Blade Hands           Tmut           #####.....   2%          5    ######.


Dungeon Overview and Level Annotations

Branches:
Dungeon (11/15)            Temple (1/1) D:7            Lair (4/6) D:10
  Swamp (0/4) Lair:2       Spider (0/4) Lair:2          Orc (0/2) D:9

Altars:
Ashenzari
Cheibriados
Dithmenos
Elyvilon
Fedhas
Gozag
Hepliaklqana
Kikubaaqudgha
Makhleb
Nemelex Xobeh
Okawaru
Qazlal
Ru
Sif Muna
Trog
Uskayaw
Vehumet
Wu Jian
Xom
Yredelemnul
Zin
The Shining One

Shops:
D:7 *   D:9 (!

Annotations:
D:5 vampire
D:10 2 runed doors
D:11 ice
Lair:2 death yak


Message History

You hear a trumpeting!
You climb upwards.
There is a stone staircase leading down, spattered with blood here.
Okay, then.
You are confused.
You feel invigorated. The entropy weaver hits you!
* * * LOW HITPOINT WARNING * * *
The entropy weaver completely misses you.
The entropy weaver misses you. The entropy weaver hits you!
* * * LOW HITPOINT WARNING * * *
The entropy weaver hits you.
* * * LOW HITPOINT WARNING * * *
The entropy weaver completely misses you.
The entropy weaver barely misses you. The entropy weaver misses you.
The entropy weaver hits you.
* * * LOW HITPOINT WARNING * * *
The entropy weaver hits you!
* * * LOW HITPOINT WARNING * * *
The entropy weaver hits you.
You die...

..}P#..###...## ####..#.#..####
....#....#.#..# ###.####......##.
##.#.......#.####................
###.........##P.....####....####
####.....#.#.......#####.##..##..
........#..#>#####.####..##..#...
...#...#.PP...###............##..
.............PPa.a§#...####..#..#
...#.P..........Y§.##### ##..#..
..##..##......#P#### ##.#..#
#.#...#P..##.#### #..##..
####..##..#..########### ##†.#..
#..#.....#...##.#.P#P#####.....
####..##........)†.P............#
##...........####............####
......######## ##.#..##.#####
#....#.#############...###


You could see 2 entropy weavers.

Vanquished Creatures
  Gastronok (D:9)
  3 hydras
  An ice dragon (Lair:1)
  An ogre mage (D:11)
  3 two-headed ogres (D:10)
  4 death yaks (Lair:2)
  Nergalle (Lair:2)
  4 ugly things (D:11)
  The ghost of Oravi the Changer, a novice MfTm of Qazlal (D:6)
  The ghost of Nukefarmer the Skirmisher, a novice MiBe of Trog (D:4)
  2 black mambas
  Joseph (D:10)
  8 spiny frogs
  2 centaur skeletons (D:11)
  4 komodo dragons
  A troll (D:11)
  Prince Ribbit (Lair:2)
  A tyrant leech (Lair:2)
  A polar bear (D:11)
  6 hippogriffs
  9 blink frogs (Lair:2)
  2 dream sheep (D:8)
  A shadow (D:11)
  A wraith (D:11)
  A wyvern (Lair:4)
  29 yaks
  A steam dragon (Lair:3)
  4 hungry ghosts
  Grum (D:10)
  10 water moccasins
  13 soldier ants
  9 orc warriors
  7 porcupines
  6 ice beasts
  3 sky beasts
  A hornet zombie (D:11)
  2 necrophages
  2 phantoms
  5 ogres
  4 wolves (D:10)
  14 centaurs
  6 crocodiles
  4 big kobolds
  12 bullfrogs
  3 scorpions
  A wyvern skeleton (D:6)
  15 killer bees
  5 wights (D:6)
  A howler monkey (D:8)
  6 crimson imps
  2 electric eels (Lair:2)
  2 quasits
  3 hounds
  3 jellies
  5 orc priests (D:9)
  A bullfrog skeleton (D:9)
  4 iguanas
  8 orc wizards
  12 worker ants
  A killer bee zombie (D:10)
  2 hound skeletons
  2 worker ant zombies
  11 adders
  A howler monkey skeleton (D:7)
  4 shadow imps
  An ooze (D:5)
  An adder zombie (D:6)
  An adder skeleton (D:7)
  3 worms
  A dart slug (D:3)
  4 leopard geckos
  29 orcs
  3 ball pythons
  9 bats
  5 giant cockroaches
  11 goblins
  6 hobgoblins
  16 jackals
  7 quokkas
  3 frilled lizards
  A jackal zombie (D:6)
  8 kobolds
  2 leopard gecko skeletons
  A quokka skeleton (D:8)
  A quokka zombie (D:5)
  14 rats
413 creatures vanquished.

Vanquished Creatures (collateral kills)
  A hydra (D:11)
  2 killer bees (D:11)
3 creatures vanquished.

Vanquished Creatures (others)
  A centaur (D:11)
  An orc (D:9)
  6 fungi
  4 plants
12 creatures vanquished.

Grand Total: 428 creatures vanquished

Notes
Turn   | Place    | Note
-------+----------+-------------------------------------------
     0 | D:1      | Oravi the Merfolk Transmuter began the quest for the Orb.
     0 | D:1      | Reached XP level 1. HP: 15/15 MP: 3/3
   378 | D:1      | Reached XP level 2. HP: 21/21 MP: 3/5
   979 | D:2      | Reached XP level 3. HP: 14/26 MP: 6/6
  1062 | D:2      | Learned a level 2 spell: Sticks to Snakes
  1066 | D:2      | Learned a level 3 spell: Spider Form
  1218 | D:2      | Noticed a sky beast
  1262 | D:2      | Found an ornate altar of the Wu Jian Council.
  1308 | D:2      | Killed a sky beast
  1308 | D:2      | Reached skill level 1 in Poison Magic
  1308 | D:2      | Reached XP level 4. HP: 24/32 MP: 2/7
  1308 | D:2      | Reached XP level 5. HP: 28/37 MP: 2/8
  1498 | D:2      | Reached skill level 5 in Transmutations
  1759 | D:3      | Found an opulent altar of Gozag.
  1959 | D:3      | Reached XP level 6. HP: 43/43 MP: 7/9
  1979 | D:3      | Reached skill level 5 in Unarmed Combat
  2581 | D:4      | Noticed Nukefarmer's ghost (novice MiBe)
  3492 | D:4      | Found an iron altar of Okawaru.
  3494 | D:4      | Found a hazy altar of Hepliaklqana.
  3660 | D:5      | Entered Level 5 of the Dungeon
  3835 | D:5      | Reached XP level 7. HP: 48/48 MP: 6/10
  3838 | D:5      | Found a shattered altar of Ashenzari.
  4149 | D:5      | Found a white marble altar of Elyvilon.
  4367 | D:5      | Found a shimmering altar of Xom.
  4510 | D:6      | Reached skill level 5 in Dodging
  4510 | D:6      | Reached XP level 8. HP: 16/54 MP: 8/11
  5221 | D:6      | Noticed Oravi's ghost (novice MfTm)
  5638 | D:6      | Noticed a vampire
  6079 | D:6      | Killed Oravi's ghost
  6079 | D:6      | Reached skill level 5 in Poison Magic
  6438 | D:7      | Noticed a hippogriff
  6443 | D:7      | Reached XP level 9. HP: 59/59 MP: 8/12
  6701 | D:7      | Found a staircase to the Ecumenical Temple.
  6710 | Temple   | Entered the Ecumenical Temple
  6840 | D:7      | Found an ancient bone altar of Kikubaaqudgha.
  6866 | D:7      | Found Zinuasab's Elemental Accessories.
  7145 | D:7      | Found a stormy altar of Qazlal.
  7145 | D:7      | Found a radiant altar of Vehumet.
  7149 | D:7      | Became a worshipper of Qazlal Stormbringer
  8080 | D:8      | Reached * piety under Qazlal
  8080 | D:8      | Reached XP level 10. HP: 66/66 MP: 9/13
  8217 | D:8      | Reached skill level 10 in Unarmed Combat
  8253 | D:8      | Noticed a three-headed hydra
  8277 | D:8      | Killed a three-headed hydra
  8277 | D:8      | Reached skill level 10 in Transmutations
  8630 | D:9      | Noticed Gastronok
  8656 | D:8      | HP: 3/66 [ice beast (6)]
  8669 | D:8      | HP: 3/66 [ice beast (9)]
  9027 | D:9      | Found Wotebuf's Antique Weapon Boutique.
  9058 | D:9      | Found Zuaquapn's Distillery.
  9066 | D:9      | Bought a potion of curing for 42 gold pieces
  9066 | D:9      | Bought a potion of heal wounds for 70 gold pieces
  9234 | D:9      | Killed Gastronok
  9234 | D:9      | Reached skill level 10 in Dodging
  9234 | D:9      | Reached XP level 11. HP: 35/71 MP: 12/14
  9530 | D:9      | Reached ** piety under Qazlal
  9903 | D:9      | Found a staircase to the Orcish Mines.
 10206 | D:9      | Bought a potion of curing for 42 gold pieces
 10211 | D:9      | Learned a level 4 spell: Ice Form
 10266 | D:10     | Entered Level 10 of the Dungeon
 10266 | D:10     | Noticed Grum
 10567 | D:10     | Killed Grum
 10812 | D:10     | Noticed Joseph
 10826 | D:10     | Killed Joseph
 10826 | D:10     | Reached skill level 1 in Ice Magic
 10872 | D:10     | Found a staircase to the Lair.
 10957 | D:10     | Found a runed door.
 11068 | D:10     | Found a runed door.
 11117 | D:10     | Noticed a two-headed ogre
 11125 | D:10     | Killed a two-headed ogre
 11632 | D:4      | Killed Nukefarmer's ghost
 11764 | D:11     | Noticed a two-headed ogre
 11774 | D:11     | Noticed a two-headed ogre
 11994 | D:10     | Killed a two-headed ogre
 12024 | D:10     | Reached *** piety under Qazlal
 12037 | D:10     | Killed a two-headed ogre
 12501 | D:11     | Reached XP level 12. HP: 78/78 MP: 15/15
 13418 | D:11     | Reached **** piety under Qazlal
 13486 | D:11     | Noticed a five-headed hydra
 13506 | D:11     | Killed a five-headed hydra
 13790 | D:11     | Noticed an ogre mage
 13799 | D:11     | Killed an ogre mage
 14086 | D:11     | Noticed an ice dragon
 14186 | Lair:1   | Entered Level 1 of the Lair of Beasts
 14731 | Lair:1   | Noticed an ice dragon
 14745 | Lair:1   | Killed an ice dragon
 15077 | Lair:1   | Got a ripped robe
 15088 | Lair:1   | Identified the cursed +0 robe of Vanity {MR- rCorr Dex+7 Slay+2} (You found it on level 1 of the Lair of Beasts)
 15395 | Lair:2   | Noticed Nergalle
 15405 | Lair:2   | Killed Nergalle
 15445 | Lair:2   | Reached XP level 13. HP: 87/87 MP: 16/16
 15456 | Lair:2   | Noticed Prince Ribbit
 15465 | Lair:2   | Killed Prince Ribbit
 15590 | Lair:2   | Found a staircase to the Swamp.
 15643 | Lair:2   | Reached skill level 5 in Ice Magic
 15956 | Lair:2   | Found a hole to the Spider Nest.
 16592 | Lair:2   | Reached ***** piety under Qazlal
 16592 | Lair:2   | Reached skill level 10 in Poison Magic
 16914 | Lair:3   | Found a dark tunnel.
 16929 | Lair:2   | Learned a level 5 spell: Blade Hands
 16986 | Lair:3   | Reached skill level 5 in Fighting
 18059 | Lair:4   | Got a transparent robe
 18070 | Lair:4   | Identified the +0 robe "Lirexat" {MP+9 Str+4} (You found it on level 4 of the Lair of Beasts)
 18642 | Lair:4   | Noticed an entropy weaver
 18644 | Lair:4   | Noticed an entropy weaver
 18654 | Lair:3   | HP: 4/110 [entropy weaver (12)]
 18654 | Lair:3   | Slain by an entropy weaver

Skill      XL: |  1  2  3  4  5  6  7  8  9 10 11 12 13 |
---------------+----------------------------------------+-----
Dodging        | 3 4 5 6 8 10 12 13 14 | 14.1
Transmutations | 3 4 5 6 8 9 10 11 12 13 | 13.2
Unarmed Combat | 4 5 6 7 9 11 12 13 14 | 14.8
Poison Magic   | 1 2 3 4 5 6 7 8 9 10 | 10.0
Ice Magic      | 2 4 6 |  6.3
Fighting       | 3 6 |  6.0
Spellcasting   | |  2.5
Evocations     | |  0.7

Action                   |  1- 3 |  4- 6 |  7- 9 | 10-12 | 13-15 || total
-------------------------+-------+-------+-------+-------+-------++-------
Melee: Unarmed           |    93 |   180 |   319 |   678 |   283 ||  1553
       Headbutt          |     5 |     1 |       |       |       ||     6
 Cast: Beastly Appendage |    19 |     1 |     1 |       |       ||    21
       Spider Form       |     8 |    33 |    38 |    52 |       ||   131
       Sticks to Snakes  |       |     3 |     5 |    12 |       ||    20
       Ice Form          |       |       |       |     6 |    20 ||    26
 Abil: End Transformatio |       |       |       |     7 |     1 ||     8
Evoke: Wand              |       |       |       |     5 |       ||     5
  Use: Scroll            |     5 |     9 |     7 |     5 |     2 ||    28
       Potion            |       |     2 |     3 |    14 |     2 ||    21
 Stab: Sleeping          |       |     2 |     1 |       |       ||     3
       Distracted        |       |       |       |     1 |       ||     1
  Eat: Chunk             |     3 |    13 |    12 |    23 |    12 ||    63
       Ration            |       |       |     2 |     3 |     1 ||     6
Armor: Robe              |    11 |     1 |     1 |       |       ||    13
       Skin              |     2 |     7 |     6 |    13 |    23 ||    51
Dodge: Dodged            |    66 |   134 |   299 |   663 |   175 ||  1337
Block: Other             |     1 |    29 |    66 |   255 |   110 ||   461
       Reflection        |       |     1 |     3 |    21 |       ||    25
